 Dungeon Crawl Stone Soup version 0.31-a0-1074-g0b22e4e0f1 (webtiles) character file.

Game seed: 4274282615057109681

18329 Firecrotchwizard the Grappler (level 12, -24/106 HPs)
             Began as a Yellow Draconian Shapeshifter on Dec 4, 2023.
             Was an Elder of Wu Jian.
             Killed from afar by an eleionoma (42 damage)
             ... with a spray of wooden splinters
             ... on level 2 of the Lair of Beasts.
             The game lasted 00:35:10 (13938 turns).

Firecrotchwizard the Grappler (DrSh)               Turns: 13938, Time: 00:35:10

Health: -24/106    AC:  8    Str: 18    XL:     12   Next: 26%
Magic:  28/28      EV: 17    Int: 14    God:    Wu Jian [****..]
Gold:   704        SH:  0    Dex: 11    Spells: 15/21 levels left

rFire   . .          .
                       - Unarmed
rCold   . . .        (shield currently unavailable)
rNeg    . . .        (body armour unavailable)
rPois   +            (helmet restricted)
rElec   +            (no cloak)
rCorr   +            (gloves currently unavailable)
SInv    +            (no boots)
Will    .....        B - amulet "Raibylek" {Faith rElec rPois SInv}
Stlth   +            p - +5 ring of evasion
HPRegen 0.37/turn    h - ring of magical power
MPRegen 0.21/turn

%: faith
@: mighty, short of breath, blade hands, hasted, very quick
A: spit acid, AC +8, unfitting armour, cold-blooded, acid resistance
a: Breathe Acid, Begin Untransformation, Renounce Religion, Wall Jump, Serpent's
Lash


You were on level 2 of the Lair of Beasts.
You worshipped Wu Jian.
Wu Jian was greatly pleased with you.
You had blades for hands.
You visited 3 branches of the dungeon, and saw 13 of its levels.

You collected 787 gold pieces.
You spent 83 gold pieces at shops.

Inventory:

Missiles
 e - 4 throwing nets {@!f}
 v - 6 curare-tipped darts
 H - 2 datura-tipped darts
Jewellery
 h - a ring of magical power (right blade hand)
 j - an amulet of guardian spirit
 p - a +5 ring of evasion (left blade hand)
 B - the amulet "Raibylek" (around neck) {Faith rElec rPois SInv}
   (You acquired it on level 8 of the Dungeon)

   [amulet of faith]

   Faith:     It allows you to gain divine favour quickly.
   rElec:     It insulates you from electricity.
   rPois:     It protects you from poison SInv: It lets you see invisible.
Talismans
 b - a beast talisman
 c - a flux talisman
 i - a storm talisman
 y - a blade talisman (active)
Wands
 r - a wand of roots (7)
 x - a wand of mindburst (7)
 G - a wand of acid (7)
Scrolls
 d - a scroll of immolation
 f - 5 scrolls of fog
 g - 5 scrolls of blinking
 k - 3 scrolls of noise
 o - a scroll of torment
 t - 5 scrolls of teleportation
 w - a scroll of enchant weapon
 A - a scroll of fear
 E - 2 scrolls of revelation
Potions
 a - 6 potions of lignification
 l - 3 potions of mutation
 m - a potion of cancellation {unknown}
 n - 2 potions of resistance
 q - 2 potions of heal wounds {unknown}
 s - 2 potions of attraction
 z - 2 potions of curing
 C - 3 potions of haste
 D - a potion of brilliance {unknown}
 F - 2 potions of enlightenment


   Skills:
 - Level 9.9 Fighting
 - Level 1.7 Dodging
 - Level 13.0 Unarmed Combat
 + Level 5.0 Spellcasting
 + Level 5.5 Translocations
 + Level 10.3 Shapeshifting


You had 15 spell levels left.
You knew the following spells:

 Your Spells              Type           Power      Damage    Failure   Level
a - Manifold Assault      Tloc           18%        N/A       19%         4
b - Blink                 Tloc           36%        N/A       2%          2

Your spell library contained the following spells:

 Spells                   Type           Power      Damage    Failure   Level
 Volatile Blastmotes      Fire/Tloc      22%        2d11      17%         3
 Poisonous Vapours        Pois/Air       6%         N/A       26%         2
 Dazzling Flash           Conj/Hex       6%         N/A       45%         3
 Mephitic Cloud           Conj/Pois/Air  3%         N/A       45%         3
 Iskenderun's Mystic Bla  Conj/Tloc      11%        2d4       50%         4
 Vhi's Electric Charge    Tloc/Air       22%        N/A       50%         4
 Brom's Barrelling Bould  Conj/Erth      3%         2d3       86%         4
 Fulminant Prism          Conj/Hex       1%         3d5       86%         4
 Arcjolt                  Conj/Air       1%         1d11      99%         5
 Fireball                 Conj/Fire      1%         3d3       99%         5
 Freezing Cloud           Conj/Ice/Air   1%         6-21      99%         5
 Iskenderun's Battlesphe  Conj           3%         2d6       99%         5
 Conjure Ball Lightning   Conj/Air       1%         3x3d6     100%        6
 Starburst                Conj/Fire      1%         6d3       100%        6
 Orb of Destruction       Conj           1%         9d5       100%        7
 Maxwell's Capacitive Co  Air            1%         ∞         100%        8


Dungeon Overview and Level Annotations

Branches:
Dungeon (10/15)            Temple (1/1) D:4            Lair (2/5) D:8
  Swamp (0/4) Lair:2
  Snake: Lair:2-3    Spider: Lair:2-3       Orc: D:9-12

Altars:
Ashenzari
Cheibriados
Dithmenos
Elyvilon
Fedhas
Gozag
Hepliaklqana
Kikubaaqudgha
Makhleb
Nemelex Xobeh
Okawaru
Qazlal
Ru
Sif Muna
Trog
Uskayaw
Vehumet
Wu Jian
Xom
Yredelemnul
Zin
The Shining One

Shops:
D:2 *   D:3 ?   D:6 *

Portals:
Ice
Cave: Lair:2


Innate Abilities, Weirdness & Mutations

You have blades for hands.
You are incapable of wielding weapons or throwing items.
You can spit globs of acid.
Your golden yellow scales are hard. (AC +8)
You cannot fit into any form of body armour.
You are cold-blooded and may be slowed by cold attacks.
You are resistant to acid. (rCorr)


Message History

You are no longer poisoned.
You start resting.
You hear the steady crackling of a very distant melting archway.
You start resting.
You hear the steady crackling of a very distant melting archway.
HP restored.
A yak comes into view.
The yak bellows!
You hear a bellow!
A yak comes into view.
A yak comes into view. x2
You lunge at the yak.
You barely miss the yak.
The yak bellows!
The yak barely misses you.
You slash the yak!
The yak is moderately wounded.
You slash the yak!
The yak is severely wounded.
The yak barely misses you.
You slash the yak!
You kill the yak!
The Council accepts your kill.
You slash the yak!
The yak is moderately wounded.
The yak completely misses you.
You slice the yak!!
You kill the yak!
The Council accepts your kill.
Your Spellcasting skill increases to level 5!
You hit the yak but do no damage. You slice the yak!! You tail-slap the yak.
The yak is almost dead.
The yak gores you. The yak barely misses you.
You hit the yak but do no damage.
Your tail-slap misses the yak.
The yak is almost dead.
The yak gores you. The yak gores you but does no damage.
You hit the yak.
The yak is almost dead.
The yak gores you. The yak misses you.
You slice the yak!!
You kill the yak!
The Council accepts your kill. The yak barely misses you.
You slice the yak!!
The yak is heavily wounded.
You hear the quick crackling of a very distant melting archway.
You shred the yak!!!
You kill the yak!
The Council accepts your kill.
No target in view!
You see here a yak corpse.
g - 5 scrolls of blinking (gained 1)
t - 5 scrolls of teleportation (gained 1)
You hear the quick crackling of a distant melting archway.
An eleionoma comes into view.
Found a staircase to the Swamp.
The eleionoma shouts!
The eleionoma flows through the trees.
You lunge at the eleionoma.
You closely miss the eleionoma.
The eleionoma hurls a spray of splinters at you.
The spray of wooden splinters hits you!!
You slash the eleionoma!
The eleionoma is lightly wounded.
The eleionoma closely misses you.
You slash the eleionoma!
The eleionoma is moderately wounded.
The eleionoma hits you!
You barely miss the eleionoma.
The eleionoma is moderately wounded.
The eleionoma closely misses you.
You slice the eleionoma!!
The eleionoma is severely wounded.
You barely miss the eleionoma.
The eleionoma is severely wounded.
The eleionoma touches a tree and draws upon its vitality.
The eleionoma is healed.
You barely miss the eleionoma. Your slash misses the eleionoma.
The eleionoma hits you.
You slice the eleionoma!! You tail-slap the eleionoma.
The eleionoma is moderately wounded.
The eleionoma hits you!
* * * LOW HITPOINT WARNING * * *
Press: ? - help, Shift-Dir - straight line, f - eleionoma
Aim: an eleionoma (moderately wounded, 68% to hit)
You spit a glob of acid.
The glob of acid misses the eleionoma.
The eleionoma hits you!
* * * LOW HITPOINT WARNING * * *
Aiming: Mindburst
Press: ? - help, Shift-Dir - straight line, f/p - eleionoma
Aim: an eleionoma (moderately wounded, chance to affect: 6%)
The eleionoma resists with almost no effort.
You hear the loud crackling of a melting archway nearby.
The eleionoma hurls a spray of splinters at you.
The spray of wooden splinters hits you!!
* * * LOW HITPOINT WARNING * * *
You feel very mighty all of a sudden. The eleionoma closely misses you.
You feel yourself speed up.
The eleionoma hurls a spray of splinters at you.
The spray of wooden splinters hits you!!!
You die...

.......)......................#
................................#
.....................~♣.........#
...................♣§♣.~........P
..................~♣♣§♣.♣.......#
..#.............§.§§§♣♣~.......#
###........###.##.♣§§§♣§~.####..#
..##......###.##.R.♣♣♣§~P. #..#
...#..÷...#.....@...~.♣#P ##..#
...+......##....#P....♣ #...#
..##...÷...#..........+ . #...P
...#......####.#.P....# . ##...
.##........####.......## #. #....
####..................P#.#.##..≈.
.......................#.#+..≈#..
............................≈#≈..
............................#≈...


You could see an eleionoma.

Vanquished Creatures
  3 two-headed ogres
  Sonja (D:10)
  Nergalle (D:10)
  A skyshark (Lair:2)
  5 elephants (Lair:1)
  3 black mambas
  2 cane toads (Lair:1)
  A gargoyle (D:7)
  5 rime drakes
  Jeremiah (D:6)
  5 komodo dragons
  Prince Ribbit (D:6)
  Sigmund (D:4)
  3 wyverns
  Eustachio (D:5)
  A basilisk (D:8)
  19 yaks
  2 steam dragons (D:10)
  4 water moccasins
  A sky beast (D:8)
  A swamp drake (D:8)
  2 orc warriors (D:10)
  An ice beast (D:8)
  2 black bears
  5 wolves (Lair:2)
  An ogre (D:4)
  5 centaurs
  A phantom (D:4)
  5 kobold brigands
  6 bullfrogs
  3 gnoll sergeants
  8 wights
  9 killer bees
  A jelly (D:6)
  2 hounds
  4 orc priests
  A gnoll bouda (D:5)
  2 iguanas (D:6)
  10 orc wizards
  17 gnolls
  8 adders
  A shadow imp (D:8)
  3 white imps
  4 worms (D:2)
  2 dart slugs
  19 orcs
  4 ball pythons
  5 endoplasms
  4 giant cockroaches
  7 hobgoblins
  7 jackals
  6 quokkas
  5 bats
  2 frilled lizards (D:2)
  7 goblins
  32 kobolds
  2 rats
265 creatures vanquished.

Notes
Turn   | Place    | Note
-------+----------+-------------------------------------------
     0 | D:1      | Firecrotchwizard the Draconian Shapeshifter began the quest
                  | for the Orb.
     0 | D:1      | Reached XP level 1. HP: 16/16 MP: 1/1
   231 | D:1      | Reached XP level 2. HP: 23/23 MP: 2/2
   542 | D:2      | Found Qaipyv's Assorted Antiques.
   546 | D:2      | Bought a scroll labelled DOSACE QUTHRAMY for 23 gold pieces
   772 | D:2      | Reached XP level 3. HP: 25/29 MP: 3/3
  1254 | D:2      | Reached skill level 4 in Unarmed Combat
  1667 | D:3      | Found a faded altar of an unknown god.
  1674 | D:3      | Reached XP level 4. HP: 36/36 MP: 4/4
  2048 | D:3      | Found Uricroac's Magic Scroll Shoppe.
  2051 | D:3      | Bought a scroll of identify for 24 gold pieces
  2051 | D:3      | Bought a scroll of teleportation for 36 gold pieces
  2505 | D:4      | Reached XP level 5. HP: 40/44 MP: 5/5
  2590 | D:4      | Noticed a phantom
  2598 | D:4      | Killed a phantom
  2599 | D:4      | Reached skill level 5 in Unarmed Combat
  2623 | D:4      | Noticed Sigmund
  2625 | D:4      | Noticed an ogre
  2629 | D:4      | Noticed a centaur
  2632 | D:5      | Entered Level 5 of the Dungeon
  2810 | D:5      | Reached XP level 6. HP: 18/51 MP: 6/6
  3079 | D:5      | Noticed Eustachio
  3118 | D:5      | Killed Eustachio
  4494 | D:6      | Reached skill level 6 in Unarmed Combat
  4630 | D:6      | Your scales start taking on a golden yellow colour.
  4630 | D:6      | Reached XP level 7. HP: 59/59 MP: 7/7
  4630 | D:6      | Gained mutation: You are resistant to acid. (rCorr) [Yellow
                  | Draconian growth]
  4645 | D:6      | Found a bloodstained altar of Trog.
  4803 | D:6      | Noticed Prince Ribbit
  4811 | D:6      | Killed Prince Ribbit
  4911 | D:6      | Found Xouzas's Assorted Antiques.
  4930 | D:6      | Noticed Jeremiah
  5043 | D:7      | Noticed a gargoyle
  5054 | D:7      | Killed a gargoyle
  5055 | D:7      | Reached skill level 5 in Fighting
  5055 | D:7      | Reached skill level 7 in Unarmed Combat
  5055 | D:7      | Reached skill level 5 in Shapeshifting
  5055 | D:7      | Reached XP level 8. HP: 68/68 MP: 8/8
  5419 | D:4      | Reached skill level 8 in Unarmed Combat
  5432 | D:4      | Found a staircase to the Ecumenical Temple.
  5441 | Temple   | Entered the Ecumenical Temple
  5505 | Temple   | Became a worshipper of the Wu Jian Council
  5545 | D:4      | Killed Sigmund
  6029 | D:6      | Found an opulent altar of Gozag.
  6408 | D:6      | Killed Jeremiah
  6409 | D:6      | Reached skill level 9 in Unarmed Combat
  6409 | D:6      | Reached XP level 9. HP: 58/78 MP: 9/9
  6710 | D:7      | Reached * piety under Wu Jian
  6743 | D:7      | Found a sacrificial altar of Ru.
  7227 | D:8      | Identified a scroll of acquirement
  7227 | D:8      | Acquired the amulet "Raibylek" {Faith rElec rPois SInv}
  7462 | D:8      | Found an iron altar of Okawaru.
  7682 | D:8      | Found a radiant altar of Vehumet.
  7706 | D:8      | Reached skill level 10 in Unarmed Combat
  7800 | D:8      | Noticed a two-headed ogre
  7805 | D:8      | Killed a two-headed ogre
  7892 | D:8      | Reached XP level 10. HP: 51/88 MP: 10/10
  8092 | D:8      | Reached ** piety under Wu Jian
  8567 | D:8      | Reached skill level 11 in Unarmed Combat
  8757 | D:8      | Found a staircase to the Lair.
  8986 | D:9      | Noticed a two-headed ogre
  9019 | D:9      | Killed a two-headed ogre
  9105 | D:9      | Noticed a two-headed ogre
  9110 | D:9      | Killed a two-headed ogre
  9300 | D:9      | Reached skill level 12 in Unarmed Combat
  9559 | D:9      | Identified the +2 leather armour of the Planets {rC+ Will+}
  9591 | D:9      | Reached *** piety under Wu Jian
  9794 | D:10     | Entered Level 10 of the Dungeon
 10062 | D:10     | Noticed Nergalle
 10074 | D:10     | Killed Nergalle
 10075 | D:10     | Reached XP level 11. HP: 66/97 MP: 11/11
 10285 | D:10     | Noticed Sonja
 10291 | D:10     | Killed Sonja
 10793 | D:10     | Reached skill level 13 in Unarmed Combat
 11114 | D:10     | Learned a level 4 spell: Manifold Assault
 11117 | D:10     | Learned a level 2 spell: Blink
 11471 | Lair:1   | Entered Level 1 of the Lair of Beasts
 11564 | Lair:1   | Reached skill level 1 in Spellcasting
 11564 | Lair:1   | Reached skill level 1 in Translocations
 12618 | Lair:1   | Identified the +7 morningstar "Imyefo" {freeze, rElec rF+
                  | Int+2 SInv}
 12665 | Lair:1   | Reached **** piety under Wu Jian
 12793 | Lair:1   | Reached XP level 12. HP: 43/106 MP: 18/18
 13279 | Lair:2   | Found a frozen archway.
 13287 | Lair:2   | Reached skill level 10 in Shapeshifting
 13524 | Lair:2   | Reached skill level 5 in Translocations
 13828 | Lair:2   | Reached skill level 5 in Spellcasting
 13926 | Lair:2   | Found a staircase to the Swamp.
 13926 | Lair:2   | Noticed an eleionoma
 13938 | Lair:2   | Killed from afar by an eleionoma

Illustrated notes

Levels and vault maps discovered:
D:1:      scummos_arrival_hexagon, layout_rooms
D:2:      layout_basic, serial_shops, nicolae_shop_back_alley_shop,
          minmay_misc_feat_square, hangedman_decor_opposing
D:3:      layout_basic, serial_shops, nicolae_shop_rolled_up,
          ebering_ecumenical_altar_hall
D:4:      layout_cave_pools, minmay_temple_entry_purple_smoke,
          portal_sewer_entry_f, uniq_sigmund
D:5:      layout_loops_corners, dk_noncrumbling_3, uniq_eustachio
D:6:      layout_basic, trog_book,
          nicolae_gozag_cash_rules_everything_around_me, serial_shops, shop,
          uniq_jeremiah, uniq_prince_ribbit1
D:7:      layout_cave_pods, hangedman_ru_absence, serial_column_ruins,
          column_ruins_hut_pillars, column_ruins_circle_small,
          column_ruins_grid_1, column_ruins_grid_3, column_ruins_open_small,
          column_ruins_open_medium, column_ruins_open_large
D:8:      layout_loops_ring, mainiacjoe_overflow_large_starburst,
          erik_lair_dragon, skrybe_limestone_x
D:9:      layout_long_grid, minmay_crystal_room
D:10:     minmay_inner_zag, layout_stronghold, uniq_sonja, uniq_nergalle
Temple:   nicolae_temple_bog_church
Lair:1:   layout_small_grid, nicolae_quartered_pool_impasse,
          chequers_serial_rivers_micro_e
Lair:2:   layout_regular_city, alex1729_swamp_entry_worm_eleionoma,
          portal_ice_cave_rime

Skill      XL: |  1  2  3  4  5  6  7  8  9 10 11 12 |
---------------+-------------------------------------+-----
Fighting       | 2 3 4 5 6 7 9 |  9.9
Unarmed Combat | 4 5 6 7 9 10 12 13 | 13.0
Shapeshifting  | 4 5 6 7 8 9 10 | 10.3
Spellcasting   | 4 5 |  5.0
Translocations | 4 5 |  5.5
Dodging        | |  1.7

Action                     |  1- 3 |  4- 6 |  7- 9 | 10-12 || total
---------------------------+-------+-------+-------+-------++-------
  Melee: Unarmed           |   105 |   147 |   249 |   454 ||   955
         Tailslap          |    10 |    17 |    36 |    83 ||   146
         Punch             |     2 |     3 |    13 |    15 ||    33
Ability: Breathe Acid      |       |       |    10 |    11 ||    21
         Lunge             |       |       |    19 |    31 ||    50
         Whirlwind         |       |       |     1 |    57 ||    58
  Evoke: Wand              |       |     1 |       |     5 ||     6
    Use: Scroll            |       |    12 |     2 |     6 ||    20
         Potion            |       |     1 |     1 |     2 ||     4
   Stab: Sleeping          |       |     1 |       |       ||     1
 Armour: Skin              |    39 |    77 |    98 |   211 ||   425
  Dodge: Dodged            |    61 |    76 |   176 |   304 ||   617
   Form: Flux              |       |       |       |     1 ||     1
         Blade             |       |       |       |     1 ||     1

Table legend: (Time is in decaauts)
 A = Elapsed time spent in this place.
 B = Non-inter-level travel time spent in this place.
 C = Inter-level travel time spent in this place.
 D = Time resting spent in this place.
 E = Time spent auto-exploring this place.
 F = Levels seen in this place.
 G = Mean time per level.
                   A        B        C        D        E       F      G
               +--------+--------+--------+--------+--------+-----+--------+
         Total |  13807 |  13167 |    640 |   3067 |   8088 |  13 | 1062.1 |
       Dungeon |  11289 |  10747 |    542 |   2331 |   6680 |  10 | 1128.9 |
        Temple |     84 |      2 |     82 |      0 |      0 |   1 |   84.0 |
          Lair |   2433 |   2417 |     16 |    736 |   1408 |   2 | 1216.5 |
               +--------+--------+--------+--------+--------+-----+--------+

Top non-repeatable levels by time:
  Lair:1: 1773 daAuts
     D:8: 1743 daAuts
    D:10: 1572 daAuts
     D:6: 1552 daAuts
     D:5: 1450 daAuts
     D:7: 972 daAuts
     D:3: 901 daAuts
     D:9: 893 daAuts
     D:2: 867 daAuts
     D:4: 809 daAuts
  Lair:2: 659 daAuts
     D:1: 527 daAuts
  Temple: 84 daAuts
